 Dungeon Crawl Stone Soup version 0.30-a0-636-g200c5c4a83 (webtiles) character file.

Game seed: 16786032667392702877

102 Schattenoger the Twirler (level 4, -2/27 HPs)
             Began as a Gargoyle Gladiator on Jan 15, 2023.
             Slain by a gnoll
             ... wielding a +0 spear
              (3 damage)
             ... on level 3 of the Dungeon.
             The game lasted 00:07:35 (1657 turns).

Schattenoger the Twirler (Gargoyle Gladiator)       Turns: 1657, Time: 00:07:35

Health: -2/27      AC: 13    Str: 20    XL:     4   Next: 77%
Magic:  4/4        EV:  8    Int: 14    God:
Gold:   175        SH:  0    Dex: 11    Spells: 3/3 levels left

rFire   . . .      SeeInvis +    a - +0 quarterstaff
rCold   . . .      Faith    .    (shield currently unavailable)
rNeg    + . .      Spirit   .    m - +0 chain mail
rPois   ∞          Reflect  .    c - +0 helmet
rElec   +          Harm     .    (no cloak)
rCorr   .          Rampage  .    (no gloves)
Will    .....                    (no boots) Stlth
                                 (no amulet)
HPRegen 0.24/turn                h - +6 ring of intelligence
MPRegen 0.09/turn                n - ring of see invisible

@: no status effects
A: sickness immunity, AC +3, negative energy resistance 1, electricity
resistance, torment resistance 1, petrification resistance
a: no special abilities


You were on level 3 of the Dungeon.
You visited 1 branch of the dungeon, and saw 3 of its levels.

You collected 175 gold pieces.

Inventory:

Hand Weapons
 a - a +0 quarterstaff (weapon)
Missiles
 d - 4 throwing nets (quivered)
 e - a javelin
Armour
 b - a +0 leather armour
 c - a +0 helmet (worn)
 j - a +0 scale mail
 m - a +0 chain mail (worn)
Jewellery
 h - a +6 ring of intelligence (left hand)
 n - a ring of see invisible (right hand)
Potions
 f - a potion of brilliance {unknown}
 g - 2 potions of flight {unknown}
 i - a potion of lignification {unknown}
 k - a potion of attraction {unknown}
 l - a potion of curing {unknown}
 o - a potion of magic {unknown}


   Skills:
 + Level 2.5 Fighting
 + Level 4.2 Staves
 - Level 1.7 Throwing
 + Level 3.0 Armour
 - Level 2.4 Dodging


You had 3 spell levels left.
You didn't know any spells.
Your spell library contained the following spells:

 Spells                   Type           Power      Damage    Failure   Level
 Freeze                   Ice            0%         1d3       97%         1
 Frozen Ramparts          Ice            0%         1d1       100%        3
 Hailstorm                Conj/Ice       0%         3d3       100%        3


Dungeon Overview and Level Annotations

Branches:
Dungeon (3/15)

Altars:

Shops:
D:1 (


Innate Abilities, Weirdness & Mutations

You are immune to sickness and miasma.
Your stone body is resilient. (AC +3)
You are immune to poison.
You resist negative energy. (rN+)
You are resistant to electric shocks. (rElec)
You are resistant to unholy torment.
You are immune to petrification.


Message History

Found a scroll labelled AQOIME ATATHY.
The gnoll shouts! x3
The gnoll moves out of view.
You see here an adder corpse.
A gnoll is nearby!
You thump the gnoll!
The gnoll is heavily wounded.
The gnoll hits you from afar with a +0 spear. x2
You sock the gnoll!
You kill the gnoll!
The gnoll hits you but does no damage. x2
The gnoll hits you but does no damage. x2
Things that are here:
a +0 club; a gnoll corpse; an adder corpse The gnoll attacks as you move away!
The gnoll hits you with a +0 spear. The gnoll hits you but does no damage.
The gnoll barely misses you.
The gnoll hits you from afar with a +0 spear.
The gnoll barely misses you.
You closely miss the gnoll. The gnoll hits you but does no damage.
The gnoll hits you with a +0 spear.
You barely miss the gnoll. The gnoll hits you with a +0 spear!
* * * LOW HITPOINT WARNING * * *
A frilled lizard comes into view.
The gnoll hits you but does no damage.
You barely miss the gnoll.
The frilled lizard hisses angrily.
The gnoll barely misses you. The gnoll hits you but does no damage.
You sock the gnoll!
The gnoll is almost dead.
The gnoll hits you but does no damage. The gnoll barely misses you.
You hit the gnoll.
You kill the gnoll!
The gnoll hits you from afar with a +0 spear.
* * * LOW HITPOINT WARNING * * *
The gnoll hits you but does no damage. The gnoll barely misses you.
Your Armour skill increases to level 3!
You hit the gnoll.
The gnoll is moderately wounded.
The gnoll hits you from afar with a +0 spear.
You die...

## ..... #.
..?.# ####.
.... ## ....
... .. #.. ..
.### #..##
.#..[..
#...##...?...
#...@ggl.....
#..<####.#...
#...# #...#
#...# .[..#
......
.......
.......#


You could see 2 gnolls and a frilled lizard.

Vanquished Creatures
  2 gnolls (D:3)
  2 adders
  2 dart slugs (D:2)
  An orc (D:2)
  8 ball pythons
  6 endoplasms
  4 giant cockroaches (D:2)
  7 goblins
  3 hobgoblins (D:1)
  2 jackals (D:2)
  4 kobolds
  4 quokkas
  3 bats
  5 rats (D:1)
53 creatures vanquished.

Notes
Turn   | Place    | Note
-------+----------+-------------------------------------------
     0 | D:1      | Schattenoger the Gargoyle Gladiator began the quest for the
                  | Orb.
     0 | D:1      | Reached XP level 1. HP: 12/12 MP: 1/1
    61 | D:1      | Found Doxeih's Antique Weapon Boutique.
   184 | D:1      | Reached skill level 1 in Armour
   250 | D:1      | Reached XP level 2. HP: 17/17 MP: 2/2
   552 | D:1      | Reached XP level 3. HP: 21/21 MP: 3/3
  1212 | D:2      | Reached XP level 4. HP: 26/26 MP: 4/4
  1216 | D:2      | Reached skill level 4 in Staves
  1656 | D:3      | HP: 1/27 [gnoll/+0 spear (5)]
  1657 | D:3      | Slain by a gnoll

Illustrated notes

Levels and vault maps discovered:
D:1:      dpeg_arrival_simpleton_c, layout_basic, serial_rivers,
          chequers_serial_rivers_micro_b, chequers_serial_rivers_room_a,
          chequers_serial_rivers_room_b, chequers_serial_rivers_marsh,
          chequers_serial_rivers_marsh, serial_shops, shop_statue
D:2:      minmay_general_purpose_star, layout_rooms,
          minmay_randomly_rotated_circles
D:3:      layout_basic, gammafunk_temple_overflow_forgotten,
          mainiacjoe_overflow_small_starburst, serial_shops,
          nicolae_shop_overgrown_old_shop, nicolae_shop_behind_doors,
          nicolae_shop_hallway_plus

Skill      XL: |  1  2  3  4 |
---------------+-------------+-----
Armour         | 1 2 3 |  3.0
Staves         | 4 |  4.2
Fighting       | |  2.5
Throwing       | |  1.7
Dodging        | |  2.4

Action                   |  1- 3 |  4- 6 || total
-------------------------+-------+-------++-------
Melee: Quarterstaff      |    93 |    48 ||   141
  Use: Scroll            |     1 |       ||     1
Armor: Leather armour    |    39 |       ||    39
       Scale mail        |     6 |     8 ||    14
       Chain mail        |       |    28 ||    28
Dodge: Dodged            |    62 |    22 ||    84

Table legend: (Time is in decaauts)
 A = Elapsed time spent in this place.
 B = Non-inter-level travel time spent in this place.
 C = Inter-level travel time spent in this place.
 D = Time resting spent in this place.
 E = Time spent auto-exploring this place.
 F = Levels seen in this place.
 G = Mean time per level.
                   A        B        C        D        E       F      G
               +--------+--------+--------+--------+--------+-----+--------+
         Total |   1683 |   1683 |      0 |      0 |   1079 |   3 |  561.0 |
       Dungeon |   1683 |   1683 |      0 |      0 |   1079 |   3 |  561.0 |
               +--------+--------+--------+--------+--------+-----+--------+

Top non-repeatable levels by time:
     D:1: 933 daAuts
     D:2: 726 daAuts
     D:3: 23 daAuts
